AoeStats
← tarepo

QS Arena

503147047Analyzed
4v4 RM · 1mo ago on Aug 30, 2026· 83m 42s· 8 players
Game mode
Random Map
Map size
Large (8 player)
Population
200
Speed
Normal
Resources
Standard
Victory
Conquest
Starting age
Dark Age
Ending age
Imperial Age
RankedLock teamsTeams togetherTeam positionsShared explorationLock speedFull tech treeHidden civsTurbo modeCheats
Victory
Defeat
🇹🇷 Japanese · Türkiye
700
+15
🇪🇸 Bohemians · Spain
683
+16
🇿🇦 Franks · South Africa
683
+16
🇹🇷 Huns · Türkiye
672
+16
🇳🇱 Vikings · Netherlands
752
-19
🇦🇷 Vietnamese · Argentina
713
-17
🇨🇭 Franks · Switzerland
623
-13
🇸🇪 Romans · Sweden
605
-12
BUGABUG
0:29 Loom
10:23 Feudal Age
10:51 Horse Collar
11:11 Double-Bit Axe
11:46 Gold Mining
16:34 Stone Mining
21:10 Castle Age
20:27 Arson
20:40 Man-at-Arms
21:53 Heavy Plow
22:06 Bow Saw
22:34 Gold Shaft Mining
21:41 Long Swordsman
22:12 Gambesons
23:50 Caravan
24:08 Squires
25:09 Forging
25:01 Scale Mail Armor
26:35 Wheelbarrow
28:16 Chain Mail Armor
30:21 Coinage
33:42 Imperial Age
32:34 Pikeman
33:57 Elite Samurai
35:41 Iron Casting
35:15 Two-Handed Swordsman
37:48 Banking
38:22 Blast Furnace
37:31 Town Watch
38:30 Kataparuto
40:10 Fortified Wall
47:08 Plate Mail Armor
49:10 Two-Man Saw
56:12 Kataparuto
Mert
0:33 Loom
12:25 Feudal Age
13:00 Arson
12:35 Man-at-Arms
13:48 Double-Bit Axe
18:57 Castle Age
16:57 Horse Collar
17:33 Gold Mining
18:37 Forging
18:28 Scale Mail Armor
19:13 Long Swordsman
19:55 Squires
20:30 Bow Saw
20:23 Heavy Plow
22:03 Town Watch
25:57 Wheelbarrow
26:59 Stone Mining
27:45 Gold Shaft Mining
28:29 Hand Cart
28:15 Town Patrol
28:25 Marauders
32:52 Imperial Age
30:38 Husbandry
30:48 Scale Barding Armor
32:27 Iron Casting
32:41 Chain Mail Armor
32:27 Padded Archer Armor
32:18 Fletching
32:51 Chain Barding Armor
32:47 Bloodlines
34:38 Two-Man Saw
33:23 Two-Handed Swordsman
35:20 Blast Furnace
34:16 Pikeman
34:51 Sappers
35:42 Atheism
36:08 Conscription
35:55 Bodkin Arrow
37:26 Chemistry
36:23 Murder Holes
36:39 Masonry
37:33 Ballistics
36:39 Elite Tarkan
38:44 Leather Archer Armor
38:30 Bracer
39:05 Plate Barding Armor
42:44 Coinage
44:14 Caravan
48:51 Halberdier
50:59 Banking
50:40 Guilds
mbenitsa
0:41 Loom
16:41 Feudal Age
21:45 Castle Age
20:30 Wheelbarrow
19:41 Horse Collar
20:04 Double-Bit Axe
20:30 Town Watch
23:17 Bow Saw
23:12 Heavy Plow
28:19 Hand Cart
29:14 Ballistics
28:52 Fletching
32:10 Town Patrol
36:09 Imperial Age
33:57 Town Patrol
34:52 Forging
34:45 Scale Mail Armor
35:49 Chemistry
35:02 Pikeman
35:43 Squires
35:29 Arson
35:06 Elite Skirmisher
36:19 Wagenburg Tactics
38:24 Conscription
37:26 Elite Hussite Wagon
39:25 Halberdier
40:51 Iron Casting
42:02 Chain Mail Armor
41:44 Bodkin Arrow
41:50 Padded Archer Armor
42:51 Blast Furnace
43:05 Two-Man Saw
44:42 Man-at-Arms
47:43 Long Swordsman
49:00 Plate Mail Armor
54:46 Capped Ram
56:35 Leather Archer Armor
56:32 Siege Engineers
RancorXL
1:23 Loom
7:25 Feudal Age
8:57 Wheelbarrow
8:11 Double-Bit Axe
9:37 Town Watch
19:14 Castle Age
17:57 Gold Mining
17:58 Stone Mining
22:24 Husbandry
21:45 Light Cavalry
22:42 Scale Barding Armor
22:37 Scale Mail Armor
22:38 Padded Archer Armor
22:29 Fletching
22:49 Forging
23:54 Bow Saw
24:22 Caravan
31:00 Imperial Age
28:54 Ballistics
28:45 Fortified Wall
28:31 Murder Holes
29:02 Chain Barding Armor
29:24 Iron Casting
30:11 Masonry
30:59 Bodkin Arrow
31:20 Chain Mail Armor
31:21 Leather Archer Armor
31:54 Elite Throwing Axeman
34:37 Chemistry
33:20 Cavalier
34:55 Hoardings
35:14 Plate Barding Armor
35:42 Blast Furnace
36:25 Paladin
39:05 Chivalry
42:40 Plate Mail Armor
50:26 Siege Engineers
TEAM MBG
0:27 Loom
10:02 Feudal Age
10:29 Double-Bit Axe
10:28 Horse Collar
10:43 Stone Mining
18:37 Castle Age
16:52 Gold Mining
19:28 Bow Saw
19:22 Heavy Plow
20:01 Gold Shaft Mining
28:14 Imperial Age
27:22 Treadmill Crane
27:38 Murder Holes
28:05 Ballistics
29:38 Crop Rotation
30:12 Two-Man Saw
31:42 Chieftains
31:52 Fletching
33:38 Bogsveigar
33:32 Elite Berserk
35:13 Scale Mail Armor
36:58 Chain Mail Armor
38:26 Plate Mail Armor
38:06 Forging
39:39 Crossbowman
41:05 Arbalester
42:32 Iron Casting
41:53 Bodkin Arrow
41:59 Padded Archer Armor
44:14 Blast Furnace
44:21 Bracer
46:28 Leather Archer Armor
49:55 Caravan
57:30 Ring Archer Armor
64:02 Fortified Wall
64:05 Masonry
63:48 Heated Shot
64:06 Siege Engineers
65:03 Chemistry
73:28 Gambesons
73:44 Squires
73:33 Arson
74:03 Man-at-Arms
75:25 Long Swordsman
tarepo
8:45 Feudal Age
14:48 Castle Age
13:15 Double-Bit Axe
14:18 Gold Mining
14:23 Stone Mining
16:25 Bow Saw
17:50 Wheelbarrow
17:04 Town Watch
20:24 Hand Cart
21:51 Man-at-Arms
22:34 Squires
24:21 Loom
28:02 Scale Barding Armor
28:09 Forging
31:02 Imperial Age
29:03 Husbandry
29:51 Town Patrol
30:11 Fortified Wall
29:57 Murder Holes
31:24 Chain Barding Armor
31:07 Padded Archer Armor
31:07 Fletching
31:52 Iron Casting
32:01 Masonry
33:18 Chemistry
32:14 Cavalier
34:45 Architecture
34:01 Arrowslits
35:11 Plate Barding Armor
35:23 Conscription
35:37 Caravan
37:39 Blast Furnace
36:36 Bodkin Arrow
36:04 Pikeman
38:45 Scale Mail Armor
38:49 Paladin
39:46 Chain Mail Armor
42:06 Plate Mail Armor
44:14 Leather Archer Armor
46:16 Elite Throwing Axeman
48:13 Light Cavalry
49:06 Onager
53:31 Gambesons
53:06 Long Swordsman
58:57 Guard Tower
59:14 Siege Engineers
66:33 Gambesons
shadow
8:25 Feudal Age
18:00 Castle Age
15:47 Loom
16:40 Wheelbarrow
16:12 Double-Bit Axe
16:11 Horse Collar
17:52 Gold Mining
17:53 Stone Mining
18:12 Man-at-Arms
26:08 Husbandry
26:25 Scale Barding Armor
26:32 Forging
29:53 Caravan
30:08 Town Watch
30:39 Hand Cart
32:59 Imperial Age
30:30 Murder Holes
31:03 Caravan
30:48 Long Swordsman
33:08 Scale Mail Armor
33:43 Iron Casting
33:29 Chain Barding Armor
34:39 Gold Shaft Mining
35:06 Chain Mail Armor
36:21 Chemistry
36:18 Conscription
36:39 Bow Saw
37:21 Masonry
38:28 Legionary
41:00 Architecture
40:41 Fortified Wall
40:52 Ballistics
45:27 Ballistas
45:42 Comitatenses
47:27 Plate Barding Armor
47:53 Blast Furnace
47:29 Heavy Scorpion
52:07 Cavalier
53:39 Bloodlines
58:28 Light Cavalry
69:39 Siege Engineers
77:27 Squires
76:48 Pikeman
L.T Smith
8:28 Feudal Age
12:30 Castle Age
10:31 Double-Bit Axe
11:39 Horse Collar
18:14 Bow Saw
21:03 Loom
21:53 Wheelbarrow
21:04 Town Watch
22:17 Heavy Plow
24:34 Hand Cart
24:21 Town Patrol
24:14 Fletching
24:18 Gold Mining
24:19 Stone Mining
28:44 Imperial Age
27:01 Ballistics
26:37 Murder Holes
27:12 Caravan
27:15 Pikeman
29:22 Squires
29:12 Arson
29:24 Halberdier
29:30 Elite Skirmisher
30:17 Thumb Ring
31:06 Crop Rotation
31:39 Two-Man Saw
30:41 Bodkin Arrow
31:00 Forging
30:51 Scale Mail Armor
31:58 Chemistry
31:00 Imperial Skirmisher
36:09 Fortified Wall
36:02 Bracer
36:38 Iron Casting
36:18 Chain Mail Armor
47:41 Siege Engineers
51:21 Paper Money
53:37 Padded Archer Armor
54:08 Plate Mail Armor
68:51 Elite Rattan Archer
Connection lost

Rejoining the realm…

Still unreachable

The connection could not be restored.

Session expired

The server has moved on; the page needs a fresh start.